 Dungeon Crawl Stone Soup version 0.30.1-11-g7821555f0a (webtiles) character file.

Game seed: 7678337458329045773

2286 Peloso the Carver (level 9, -19/78 HPs)
             Began as a Minotaur Fighter on Nov 6, 2023.
             Was a Believer of Okawaru.
             Demolished by an orc knight
             ... wielding a +0 halberd
              (27 damage)
             ... in a bailey.
             The game lasted 00:12:40 (6740 turns).

Peloso the Carver (Minotaur Fighter)                Turns: 6740, Time: 00:12:40

Health: -19/78     AC: 17    Str: 22    XL:     9   Next: 17%
Magic:  0/8        EV:  7    Int:  5    God:    Okawaru [**....]
Gold:   462        SH:  6    Dex: 19    Spells: 8/8 levels left

rFire   . . .        a - +0 long sword
rCold   . . .        d - +0 buckler
rNeg    . . .        y - +0 plate armour
rPois   .            (helmet restricted)
rElec   .            (no cloak)
rCorr   .            (no gloves)
SInv    .            (no boots)
Will    .....        k - amulet of guardian spirit Stlth
                     s - +6 ring of dexterity
HPRegen 0.33/turn    m - +4 ring of protection
MPRegen 0.11/turn

%: guardian spirit
@: mighty
A: horns 2, retaliatory headbutt
a: Renounce Religion, Heroism


You were in a bailey.
You worshipped Okawaru.
Okawaru was pleased with you.
You visited 1 branch of the dungeon, and saw 7 of its levels.
You also visited: Ossuary and Bailey.

You collected 462 gold pieces.

Inventory:

Hand Weapons
 a - a +0 long sword (weapon)
Armour
 b - a +0 scale mail
 c - a +0 chain mail
 d - a +0 buckler (worn)
 y - a +0 plate armour (worn)
Jewellery
 i - the ring "Saorch" {rC+ Int+6}
   (You found it on level 2 of the Dungeon)

   [ring of intelligence]

   Int:       It affects your intelligence (+6).
   rC:        It protects you from cold.
 k - an amulet of guardian spirit (around neck)
 m - a +4 ring of protection (right hand)
 o - an amulet of faith
 s - a +6 ring of dexterity (left hand)
Scrolls
 f - 7 scrolls of teleportation
 h - 2 scrolls of fear
 l - 3 scrolls of enchant armour
 p - 2 scrolls of blinking
 r - a scroll of magic mapping
 x - a scroll of fog
 B - a scroll of brand weapon
Potions
 e - 6 potions of curing
 g - 5 potions of heal wounds
 j - a potion of experience
 n - 2 potions of might
 q - a potion of mutation
 t - 2 potions of brilliance
 u - 3 potions of cancellation {unknown}
 v - 6 potions of haste {unknown}
 w - a potion of magic {unknown}
 z - a potion of flight {unknown}
 A - a potion of invisibility {unknown}


   Skills:
 + Level 6.6 Fighting
 + Level 10.3 Long Blades
 + Level 7.5 Armour
 + Level 2.6 Dodging
 + Level 1.0 Stealth
 + Level 6.1 Shields
 + Level 0.4 Invocations


You had 8 spell levels left.
You didn't know any spells.
Your spell library was empty.

Dungeon Overview and Level Annotations

Branches:
Dungeon (7/15)             Temple (0/1) D:4         Ossuary (visited)
 Bailey (1/1)

Altars:
Dithmenos
Elyvilon
Nemelex Xobeh
Okawaru
Wu Jian

Shops:
D:1 [   D:2 :


Innate Abilities, Weirdness & Mutations

You have a pair of horns on your head.
You reflexively headbutt those who attack you in melee.


Message History

Things that are here:
a +0 halberd; a +0 chain mail
There is a huge open gate here.
Found a scroll of enchant armour and a scroll of enchant weapon.
Found 2 scrolls of summoning and 3 scrolls of enchant weapon. 2 orc knights come into view.
Found a gate leading back out of this place.
The orc knight shouts! x2
The orc knight roars a battlecry!
The orc knight goes into a battle-frenzy!
You feel very mighty all of a sudden.
The orc knight roars a battlecry!
The orc knight goes into a battle-frenzy!
You fail to use your ability.
You block the orc knight's attack.
The orc knight hits you but does no damage.
There is a huge open gate here.
The orc knight hits you with a +0 halberd!
The orc knight hits you but does no damage.
Unknown command.
You slash the orc knight! Your headbutt misses the orc knight.
The orc knight is moderately wounded.
You block the orc knight's attack.
The orc knight hits you from afar with a +0 glaive!
You hit the orc knight. You headbutt the orc knight!
The orc knight is moderately wounded.
The orc knight hits you but does no damage.
The orc knight hits you from afar with a +0 glaive!!
You slash the orc knight!
The orc knight is severely wounded.
The orc knight hits you but does no damage.
You block the orc knight's attack.
You barely miss the orc knight.
The orc knight is severely wounded.
The orc knight barely misses you.
The orc knight hits you from afar with a +0 glaive!!
* * * LOW HITPOINT WARNING * * *
You barely miss the orc knight.
The orc knight is severely wounded.
The orc knight hits you with a +0 halberd!!
You die...

############ ####### ####
#..........###@....#########...
#............'o......#....)#...)
#..??........'o...#.)'..)).'...#
#∩.?.........'.......')..).'....
#..??........'....#.)'.....'...#
#............'.......#.....#....
##..........###.....#########...
############ ####### ####


You could see 2 orc knights.

Vanquished Creatures
  Sigmund (D:6)
  Menkaure (Ossuary)
  6 orc warriors (Bailey)
  2 black bears
  2 ogres (D:6)
  A phantom (D:6)
  An elf zombie (D:6)
  A human zombie (D:6)
  3 hounds
  A jelly (D:4)
  2 gnoll boudas
  A human skeleton (D:6)
  A sleepcap (D:4)
  Jessica (D:3)
  5 iguanas
  5 orc wizards (D:6)
  3 mummies (Ossuary)
  Robin (D:3)
  7 gnolls
  9 adders
  A shadow imp (D:5)
  2 white imps (D:6)
  3 worms
  2 dart slugs
  39 orcs
  7 bats
  9 endoplasms
  5 giant cockroaches
  8 goblins
  8 hobgoblins
  A jackal (D:1)
  5 kobolds
  5 quokkas
  A ball python (D:4)
  A frilled lizard (D:1)
  3 gnoll skeletons (Ossuary)
  6 gnoll zombies (Ossuary)
  4 goblin skeletons (Ossuary)
  4 goblin zombies (Ossuary)
  4 hobgoblin skeletons (Ossuary)
  A hobgoblin zombie (Ossuary)
  6 kobold skeletons (Ossuary)
  6 kobold zombies (Ossuary)
  8 orc skeletons
  6 orc zombies (Ossuary)
  6 rats
  3 rat skeletons (Ossuary)
  2 rat zombies (Ossuary)
210 creatures vanquished.

Notes
Turn   | Place    | Note
-------+----------+-------------------------------------------
     0 | D:1      | Peloso the Minotaur Fighter began the quest for the Orb.
     0 | D:1      | Reached XP level 1. HP: 19/19 MP: 0/0
    48 | D:1      | Found a faded altar of an unknown god.
    91 | D:1      | Reached XP level 2. HP: 27/27 MP: 1/1
   237 | D:1      | Found Zops's Antique Armour Emporium.
   479 | D:1      | Reached XP level 3. HP: 28/33 MP: 2/2
   557 | D:2      | Reached skill level 3 in Long Blades
   617 | D:2      | Identified the ring "Saorch" {rC+ Int+6}
   803 | D:2      | Found Uwulir's Book Shoppe.
  1052 | D:2      | Reached XP level 4. HP: 39/40 MP: 3/3
  1569 | D:3      | Noticed Robin
  1582 | D:3      | Killed Robin
  1583 | D:3      | Reached skill level 4 in Long Blades
  2116 | D:3      | Noticed Jessica
  2124 | D:3      | Killed Jessica
  2125 | D:3      | Reached skill level 1 in Dodging
  2125 | D:3      | Reached XP level 5. HP: 43/46 MP: 4/4
  2177 | D:3      | Found an iron altar of Okawaru.
  2179 | D:3      | Found an ornate altar of the Wu Jian Council.
  2184 | D:3      | Found a white marble altar of Elyvilon.
  2195 | D:3      | Became a worshipper of Warmaster Okawaru
  2401 | D:4      | Noticed a black bear
  2410 | D:4      | Killed a black bear
  2411 | D:4      | Reached skill level 5 in Long Blades
  2411 | D:4      | Reached XP level 6. HP: 40/53 MP: 5/5
  2543 | D:4      | Reached skill level 6 in Long Blades
  2575 | D:4      | Found a shadowy altar of Dithmenos.
  2629 | D:4      | Reached skill level 5 in Armour
  2682 | D:4      | Found a staircase to the Ecumenical Temple.
  3004 | D:4      | Found a sparkling altar of Nemelex Xobeh.
  3169 | D:5      | Entered Level 5 of the Dungeon
  3178 | D:5      | Reached * piety under Okawaru
  3414 | D:5      | Reached skill level 7 in Long Blades
  3628 | D:5      | Reached XP level 7. HP: 60/60 MP: 6/6
  4206 | D:6      | Noticed Sigmund
  4216 | D:6      | Killed Sigmund
  4306 | D:6      | Reached skill level 5 in Fighting
  4336 | D:6      | Found a sand-covered staircase.
  4341 | Ossuary  | Entered an ossuary
  4668 | Ossuary  | Reached skill level 8 in Long Blades
  4772 | Ossuary  | Noticed Menkaure
  4779 | Ossuary  | Reached skill level 5 in Shields
  4784 | Ossuary  | Killed Menkaure
  4784 | Ossuary  | Reached ** piety under Okawaru
  4785 | Ossuary  | Reached XP level 8. HP: 62/69 MP: 5/7
  4928 | D:6      | Reached skill level 9 in Long Blades
  5670 | D:7      | Found a flagged portal.
  5825 | Bailey   | Entered a bailey
  6412 | Bailey   | Reached skill level 10 in Long Blades
  6439 | Bailey   | Reached XP level 9. HP: 63/78 MP: 3/8
  6476 | Bailey   | Reached skill level 1 in Stealth
  6720 | Bailey   | Noticed an orc knight
  6720 | Bailey   | Noticed an orc knight
  6740 | Bailey   | Demolished by an orc knight

Illustrated notes

Levels and vault maps discovered:
D:1:      eino_arrival_druids_welcome, layout_rooms,
          dreamdust_ecumenical_altar_hidden_monk_grotto, serial_shops,
          nicolae_shop_waterfront, minmay_tetromino_o4
D:2:      layout_basic, serial_shops, shop
D:3:      layout_loops_corners, minitemple, uniq_robin, uniq_jessica
D:4:      layout_layer_cave, mainiacjoe_overflow_concentric_impassable,
          kennysheep_mini, minmay_temple_entry_offerings, grunt_ministairs_9
D:5:      layout_loops_ring, serial_rivers, chequers_serial_rivers_micro_d,
          chequers_serial_rivers_room_a, chequers_serial_rivers_micro_e,
          chequers_serial_rivers_micro_e, chequers_serial_rivers_large_a,
          chequers_serial_rivers_micro_c, minmay_misc_feat_x
D:6:      layout_cave_pools, serial_column_ruins, column_ruins_hut,
          column_ruins_grid_5, column_ruins_open_tiny,
          column_ruins_corridor_straight, column_ruins_open_large,
          column_ruins_columns_straight, column_ruins_columns_dead_end,
          column_ruins_open_tiny, column_ruins_open_medium_water,
          nicolae_ossuary_entry_catacombs, uniq_sigmund
D:7:      layout_rooms, mainiacjoe_overflow_alcove_1, doesnt_xom_only_xom,
          enter_bailey_2
Bailey:   bailey_polearm_5, bailey

Skill      XL: |  1  2  3  4  5  6  7  8  9 |
---------------+----------------------------+-----
Shields        | 4 5 6 |  6.1
Fighting       | 4 5 6 |  6.6
Armour         | 4 5 6 7 |  7.5
Long Blades    | 3 4 5 7 8 10 | 10.3
Dodging        | 1 2 |  2.6
Stealth        | 1 |  1.0
Invocations    | |  0.4

Action                     |  1- 3 |  4- 6 |  7- 9 || total
---------------------------+-------+-------+-------++-------
  Melee: Long sword        |    82 |   140 |   370 ||   592
         Headbutt          |    11 |    35 |    88 ||   134
 Invoke: Heroism           |       |       |     6 ||     6
    Use: Potion            |     1 |     2 |     1 ||     4
         Scroll            |     1 |     2 |     7 ||    10
 Armour: Scale mail        |    48 |       |       ||    48
         Chain mail        |     4 |    95 |   189 ||   288
         Plate armour      |       |       |    16 ||    16
  Dodge: Dodged            |    46 |    69 |   158 ||   273
  Block: Buckler           |    23 |    29 |   107 ||   159
